SKY
ATLANTA BRAVES @ SEATTLE MARINERS
07/14/2052
 
TOP OF THE 1ST
Atlanta Braves batting - Pitching for Seattle Mariners : RHP Elijah Siddall
Pitching: RHP Elijah Siddall
Batting: RHB Phooka May 0-0: Ball
1-0: Ground out 3-1 (Groundball, 34, EV 85.0 MPH)
Batting: RHB Sylvester Miles 0-0: Fly out, F8 (Flyball, 89S, EV 94.4 MPH)
Batting: RHB Josias Jaynes 0-0: Foul Ball, location: 9LSF
0-1: Foul Ball, location: 9LDF
0-2: Ball
1-2: Ball
2-2: Ball
3-2: Fly out, F9 (Flyball, 9, EV 78.1 MPH)
Top of the 1st over - 0 runs, 0 hits, 0 errors, 0 left on base; Atlanta 0 - Seattle 0
BOTTOM OF THE 1ST
Seattle Mariners batting - Pitching for Atlanta Braves : LHP Jefry Alcantara
Pitching: LHP Jefry Alcantara
Batting: RHB Alexis Loya 0-0: Ball
1-0: Called Strike
1-1: Hit by Pitch
Batting: LHB Dickie Pierce 0-0: Called Strike
Alexis Loya steals 2nd base
0-1: Fly out, F9 (Line Drive, 89M, EV 101.9 MPH)
Batting: RHB Jacob Cole 0-0: Ball
1-0: Called Strike
1-1: Ball
2-1: Called Strike
2-2: Strikes out swinging
Batting: RHB Norm Walker 0-0: Called Strike
0-1: Fly out, F9 (Flyball, 9, EV 96.3 MPH)
Bottom of the 1st over - 0 runs, 0 hits, 0 errors, 1 left on base; Atlanta 0 - Seattle 0
TOP OF THE 2ND
Atlanta Braves batting - Pitching for Seattle Mariners : RHP Elijah Siddall
Batting: LHB Adrian Cooke 0-0: Called Strike
0-1: Called Strike
0-2: Foul Ball, location: 7LMF
0-2: Ball
1-2: Ball
2-2: Ball
3-2: Foul Ball, location: 3SF
3-2: Fly out, F9 (Line Drive, 89S, EV 87.5 MPH)
Batting: SHB Scott Hill 0-0: Called Strike
0-1: Ball
1-1: Ground out 4-3 (Groundball, 4, EV 80.0 MPH)
Batting: RHB Jagger Macon 0-0: Ball
1-0: Foul Ball, location: 2F
1-1: Ground out 5-3 (Groundball, 56S, EV 86.9 MPH)
Top of the 2nd over - 0 runs, 0 hits, 0 errors, 0 left on base; Atlanta 0 - Seattle 0
BOTTOM OF THE 2ND
Seattle Mariners batting - Pitching for Atlanta Braves : LHP Jefry Alcantara
Batting: RHB Bobby Brundage 0-0: Ball
1-0: Foul Ball, location: 5FF
1-1: Foul Ball, location: 7LMF
1-2: Ball
2-2: SINGLE (Groundball, 6MD, EV 103.8 MPH)
Batting: RHB Wally Neff 0-0: Bunted foul
0-1: Ball
1-1: Sac Bunt to 13 - play at second, runner OUT! 1-6
Batting: RHB Harwood Witt 0-0: Foul Ball, location: 2F
0-1: Ball
1-1: Called Strike
1-2: Fly out, F9 (Flyball, 9D, EV 108.1 MPH)
Batting: RHB Jeremy Mehrtens 0-0: Fly out, F9 (Flyball, 89M, EV 86.9 MPH)
Bottom of the 2nd over - 0 runs, 1 hit, 0 errors, 1 left on base; Atlanta 0 - Seattle 0
TOP OF THE 3RD
Atlanta Braves batting - Pitching for Seattle Mariners : RHP Elijah Siddall
Batting: RHB C.J. Chayrez 0-0: Foul Ball, location: 2F
0-1: Ball
1-1: Foul Ball, location: 23F
1-2: Fly out, F7 (Line Drive, 78S, EV 90.6 MPH)
Batting: RHB Peter Guice 0-0: Called Strike
0-1: Ball
1-1: Ball
2-1: Foul Ball, location: 2F
2-2: Foul Ball, location: 23F
2-2: Ball
3-2: Foul Ball, location: 25F
3-2: Foul Ball, location: 2F
3-2: SINGLE (Line Drive, 4M, EV 107.5 MPH)
Batting: RHB Steven Filar 0-0: Ball
1-0: Ball
2-0: Ball
3-0: Called Strike
3-1: Swinging Strike
3-2: Strikes out swinging
Batting: RHB Phooka May 0-0: Called Strike
0-1: SINGLE (Line Drive, 8LS, EV 96.9 MPH)
Peter Guice to second
Batting: RHB Sylvester Miles 0-0: Ball
1-0: Ball
2-0: Called Strike
2-1: Foul Ball, location: 2F
2-2: SINGLE (Line Drive, 56D, EV 98.8 MPH)
Peter Guice to third
Phooka May to second
Runner from 3rd tries for Home, SAFE, throw by LF to home
Batting: RHB Josias Jaynes 0-0: Ball
1-0: Ball
2-0: 3-RUN HOME RUN (Flyball, 7D, EV 98.8 MPH), Distance : 391 ft
Batting: LHB Adrian Cooke 0-0: Ball
1-0: Ball
2-0: Called Strike
2-1: Called Strike
2-2: SINGLE (Groundball, 6MD, EV 103.1 MPH)
Batting: SHB Scott Hill 0-0: Called Strike
0-1: Ball
1-1: Ball
2-1: Foul Ball, location: 7LDF
2-2: DOUBLE (Line Drive, 89D, EV 106.3 MPH)
Adrian Cooke to third
Runner from 3rd tries for Home, SAFE, throw by CF to home
Pitching: RHP Roy Lovelace
Batting: RHB Jagger Macon 0-0: Swinging Strike
0-1: Ball
1-1: Called Strike
1-2: Strikes out looking
Top of the 3rd over - 5 runs, 6 hits, 0 errors, 1 left on base; Atlanta 5 - Seattle 0
BOTTOM OF THE 3RD
Seattle Mariners batting - Pitching for Atlanta Braves : LHP Jefry Alcantara
Batting: RHB Ty Moss 0-0: Foul Ball, location: 2F
0-1: Fly out, F8 (Flyball, 8RXD, EV 106.9 MPH)
Batting: RHB Alexis Loya 0-0: Ball
1-0: Foul Ball, location: 2F
1-1: Foul Ball, location: 23F
1-2: Ball
2-2: SINGLE (Flyball, 8RS, EV 93.8 MPH)
Batting: LHB Dickie Pierce 0-0: Ball
Passed Ball!
Alexis Loya to second
1-0: Called Strike
1-1: DOUBLE (Flyball, 8RXD, EV 98.1 MPH)
Alexis Loya scores
Batting: RHB Jacob Cole 0-0: Called Strike
0-1: Called Strike
0-2: Reaches on Catchers interference
Batting: RHB Norm Walker 0-0: Ball
1-0: Foul Ball, location: 2F
1-1: Foul Ball, location: 2F
1-2: Ball
2-2: Fly out, F4 (Line Drive, 4M, EV 98.1 MPH)
Batting: RHB Bobby Brundage 0-0: Called Strike
0-1: Ball
1-1: Ball
2-1: Swinging Strike
2-2: Strikes out swinging
Bottom of the 3rd over - 1 run, 2 hits, 1 error, 2 left on base; Atlanta 5 - Seattle 1
TOP OF THE 4TH
Atlanta Braves batting - Pitching for Seattle Mariners : RHP Roy Lovelace
Batting: RHB C.J. Chayrez 0-0: Called Strike
0-1: Foul Ball, location: 5F
0-2: Ball
1-2: Strikes out swinging, 2-3 out at first.
Batting: RHB Peter Guice 0-0: Ball
1-0: Ball
2-0: Foul Ball, location: 3F
2-1: Ground out 4-3 (Groundball, 4MD, EV 95.0 MPH)
Batting: RHB Steven Filar 0-0: Ball
1-0: Ball
2-0: Ball
3-0: Called Strike
3-1: Foul Ball, location: 9LDF
3-2: DOUBLE (Line Drive, 5D, EV 102.5 MPH)
Batting: RHB Phooka May 0-0: Foul Ball, location: 3FF
0-1: Ground out U3 (Groundball, 34, EV 90.6 MPH)
Top of the 4th over - 0 runs, 1 hit, 0 errors, 1 left on base; Atlanta 5 - Seattle 1
BOTTOM OF THE 4TH
Seattle Mariners batting - Pitching for Atlanta Braves : LHP Jefry Alcantara
Batting: RHB Wally Neff 0-0: Swinging Strike
0-1: Ball
1-1: Foul Ball, location: 3F
1-2: Foul Ball, location: 2F
1-2: Ball
2-2: Strikes out swinging
Batting: RHB Harwood Witt 0-0: Ball
1-0: Called Strike
1-1: SINGLE (Line Drive, 9S, EV 104.4 MPH)
Batting: RHB Jeremy Mehrtens 0-0: Ball
1-0: Fly out, F7 (Line Drive, 7, EV 109.4 MPH)
Batting: RHB Ty Moss 0-0: Ball
1-0: Ball
2-0: Ball
3-0: Base on Balls
Harwood Witt to second
Batting: RHB Alexis Loya 0-0: Foul Ball, location: 2F
0-1: Called Strike
0-2: Ground out 5-3 (Groundball, 56S, EV 84.4 MPH)
Bottom of the 4th over - 0 runs, 1 hit, 0 errors, 2 left on base; Atlanta 5 - Seattle 1
TOP OF THE 5TH
Atlanta Braves batting - Pitching for Seattle Mariners : RHP Roy Lovelace
Batting: RHB Sylvester Miles 0-0: Fly out, F6 (Line Drive, 6, EV 70.6 MPH)
Pitching: LHP Mike Nimitz
Batting: RHB Josias Jaynes 0-0: Foul Ball, location: 9LSF
0-1: Ball
1-1: Ball
2-1: Called Strike
2-2: Foul Ball, location: 9LSF
2-2: Ball
3-2: DOUBLE (Line Drive, 78D, EV 110.6 MPH)
Batting: RHB Jase Lucas 0-0: Ball
1-0: Called Strike
1-1: Ball
2-1: Called Strike
2-2: Foul Ball, location: 2F
2-2: Strikes out swinging
Batting: SHB Scott Hill 0-0: Foul Ball, location: 2F
0-1: Ball
1-1: Foul Ball, location: 9LSF
1-2: Ball
2-2: Strikes out swinging
Top of the 5th over - 0 runs, 1 hit, 0 errors, 1 left on base; Atlanta 5 - Seattle 1
BOTTOM OF THE 5TH
Seattle Mariners batting - Pitching for Atlanta Braves : LHP Jefry Alcantara
Batting: LHB Dickie Pierce 0-0: SINGLE (Line Drive, 9S, EV 97.5 MPH)
Batting: RHB Jacob Cole 0-0: Ball
1-0: DOUBLE (Flyball, 89D, EV 89.4 MPH)
Dickie Pierce to third
Batting: RHB Norm Walker 0-0: Ground out 4-3 (Groundball, 4M, EV 109.4 MPH)
Batting: RHB Bobby Brundage 0-0: Called Strike
0-1: Foul Ball, location: 25FF
0-2: Ball
1-2: Foul Ball, location: 2F
1-2: Strikes out swinging
Batting: RHB Wally Neff 0-0: Called Strike
0-1: Ball
1-1: Foul Ball, location: 3DF
1-2: Foul Ball, location: 2F
1-2: Foul Ball, location: 2F
1-2: Ball
2-2: SINGLE (Groundball, 4D, EV 105.0 MPH)
Dickie Pierce scores
Jacob Cole to third
Runner from 3rd tries for Home, SAFE, throw by RF to home
Wally Neff to second
Batting: RHB Harwood Witt 0-0: Ball
1-0: Ball
2-0: Foul Ball, location: 7LMF
2-1: Foul Ball, location: 7LMFF
2-2: Foul Ball, location: 23F
2-2: Fly out, F9 (Flyball, 9, EV 90.6 MPH)
Bottom of the 5th over - 2 runs, 3 hits, 0 errors, 1 left on base; Atlanta 5 - Seattle 3
TOP OF THE 6TH
Atlanta Braves batting - Pitching for Seattle Mariners : LHP Mike Nimitz
Batting: RHB Jagger Macon 0-0: Called Strike
0-1: Foul Ball, location: 2F
0-2: Ball
1-2: Ball
2-2: Foul Ball, location: 3DF
2-2: Foul Ball, location: 25F
2-2: Ball
3-2: SINGLE (Line Drive, 3D, EV 96.9 MPH)
Batting: RHB C.J. Chayrez 0-0: Foul Ball, location: 3SF
0-1: Ball
1-1: Foul Ball, location: 2F
1-2: Strikes out looking
Batting: RHB Peter Guice 0-0: Called Strike
0-1: SINGLE (Groundball, 34D, EV 105.0 MPH)
Jagger Macon to second
Runner from 2nd tries for 3rd, SAFE, no throw by RF
Batting: RHB Steven Filar 0-0: Called Strike
0-1: Ball
1-1: SINGLE (Line Drive, 7LS, EV 98.1 MPH)
Jagger Macon scores
Peter Guice to second
Batting: RHB Phooka May 0-0: Called Strike
0-1: SINGLE (Groundball, 5S, EV 63.1 MPH) (infield hit)
Peter Guice to third
Steven Filar to second
Batting: RHB Sylvester Miles 0-0: Called Strike
0-1: Ball
1-1: Ball
2-1: Fly out, F4 (Line Drive, 4, EV 94.4 MPH)
Pitching: RHP Archer Bey
Batting: RHB Josias Jaynes 0-0: Ball
1-0: Ball
2-0: Ball
3-0: Called Strike
3-1: Foul Ball, location: 3SF
3-2: Ground out 6-3 (Groundball, 56D, EV 106.3 MPH)
Top of the 6th over - 1 run, 4 hits, 0 errors, 3 left on base; Atlanta 6 - Seattle 3
BOTTOM OF THE 6TH
Seattle Mariners batting - Pitching for Atlanta Braves : LHP Jefry Alcantara
Batting: RHB Jeremy Mehrtens 0-0: Called Strike
0-1: Ball
1-1: Ball
2-1: Fly out, F7 (Flyball, 7, EV 93.8 MPH)
Batting: RHB Ty Moss 0-0: Foul Ball, location: 2F
0-1: Ball
1-1: SINGLE (Groundball, 6MS, EV 86.3 MPH) (infield hit)
Batting: RHB Alexis Loya 0-0: Swinging Strike
0-1: Swinging Strike
0-2: Fly out, F8 (Line Drive, 8RD, EV 90.0 MPH)
Batting: LHB Dickie Pierce 0-0: Foul Ball, location: 5F
0-1: Ball
1-1: Swinging Strike
1-2: Foul Ball, location: 25F
1-2: Strikes out looking
Bottom of the 6th over - 0 runs, 1 hit, 0 errors, 1 left on base; Atlanta 6 - Seattle 3
TOP OF THE 7TH
Atlanta Braves batting - Pitching for Seattle Mariners : RHP Archer Bey
Batting: RHB Jase Lucas 0-0: Swinging Strike
0-1: DOUBLE (Groundball, 5L, EV 108.1 MPH)
Batting: SHB Scott Hill 0-0: Ball
1-0: Called Strike
1-1: Ball
2-1: Foul Ball, location: 2F
2-2: Strikes out swinging
Batting: RHB Jagger Macon 0-0: Foul Ball, location: 25FF
0-1: Ball
1-1: Foul Ball, location: 9LSFF
1-2: Ball
2-2: Strikes out swinging
Batting: RHB C.J. Chayrez 0-0: Ball
1-0: Called Strike
1-1: Ball
2-1: Called Strike
2-2: Fly out, F9 (Flyball, 89D, EV 94.4 MPH)
Top of the 7th over - 0 runs, 1 hit, 0 errors, 1 left on base; Atlanta 6 - Seattle 3
BOTTOM OF THE 7TH
Seattle Mariners batting - Pitching for Atlanta Braves : LHP Jefry Alcantara
Pitching: RHP Nate Southard
Batting: RHB Jacob Cole 0-0: Fly out, F8 (Flyball, 89M, EV 99.4 MPH)
Batting: RHB Norm Walker 0-0: Swinging Strike
0-1: Ball
1-1: Swinging Strike
1-2: Strikes out swinging
Batting: RHB Bobby Brundage 0-0: SINGLE (Groundball, 56D, EV 98.8 MPH)
Batting: RHB Wally Neff 0-0: Ball
Pickoff Throw to First - Out! 1-3
Bottom of the 7th over - 0 runs, 1 hit, 0 errors, 0 left on base; Atlanta 6 - Seattle 3
TOP OF THE 8TH
Atlanta Braves batting - Pitching for Seattle Mariners : RHP Archer Bey
Batting: RHB Peter Guice 0-0: Ball
1-0: Fly out, F9 (Line Drive, 89M, EV 90.0 MPH)
Pitching: LHP Clay Jackson
Batting: RHB Steven Filar 0-0: Ball
1-0: Called Strike
1-1: Ball
2-1: Ball
3-1: Base on Balls
Batting: RHB Phooka May 0-0: Swinging Strike
0-1: Ball
1-1: Fielders Choice at 2nd, 2-6 (Groundball, 2R, EV 75.0 MPH)
Batting: RHB Sylvester Miles 0-0: Fielders Choice at 2nd, 6-4 (Groundball, 6, EV 106.9 MPH)
Top of the 8th over - 0 runs, 0 hits, 0 errors, 1 left on base; Atlanta 6 - Seattle 3
BOTTOM OF THE 8TH
Seattle Mariners batting - Pitching for Atlanta Braves : RHP Nate Southard
Batting: RHB Wally Neff 0-0: Fly out, F7 (Flyball, 78M, EV 86.9 MPH)
Pinch Hitting: LHB Norman Visser 0-0: Foul Ball, location: 23F
0-1: Ball
1-1: Foul Ball, location: 2F
1-2: Foul Ball, location: 7LSF
1-2: Ground out 6-3 (Groundball, 6M, EV 102.5 MPH)
Pinch Hitting: LHB Kent Niemann 0-0: SINGLE (Line Drive, 78S, EV 91.3 MPH)
Batting: RHB Ty Moss 0-0: Fly out, F3 (Popup, 34S, EV 83.1 MPH)
Bottom of the 8th over - 0 runs, 1 hit, 0 errors, 1 left on base; Atlanta 6 - Seattle 3
TOP OF THE 9TH
Atlanta Braves batting - Pitching for Seattle Mariners : LHP Clay Jackson
Now at 1B: Norman Visser
Now at 2B: James Victor
Batting: RHB Josias Jaynes 0-0: Ball
1-0: Called Strike
1-1: Called Strike
1-2: Ball
2-2: Ground out 5-3 (Groundball, 56, EV 103.8 MPH)
Batting: RHB Jase Lucas 0-0: Ball
1-0: Foul Ball, location: 23F
1-1: Ball
2-1: Foul Ball, location: 23F
2-2: Foul Ball, location: 2F
2-2: Ball
3-2: Ground out 5-3 (Groundball, 5, EV 91.9 MPH)
Batting: SHB Scott Hill 0-0: Ball
1-0: DOUBLE (Line Drive, 78D, EV 105.0 MPH)
Pitching: LHP Adam Keef
Batting: RHB Jagger Macon 0-0: Ball
1-0: Ball
2-0: Foul Ball, location: 9LSF
2-1: Called Strike
2-2: Ball
3-2: SINGLE (Line Drive, 78S, EV 88.1 MPH)
Scott Hill to third
Runner from 3rd tries for Home, SAFE, throw by LF to home
Batting: RHB C.J. Chayrez 0-0: Called Strike
0-1: Fly out, F8 (Flyball, 8RM, EV 83.1 MPH)
Top of the 9th over - 1 run, 2 hits, 0 errors, 1 left on base; Atlanta 7 - Seattle 3
BOTTOM OF THE 9TH
Seattle Mariners batting - Pitching for Atlanta Braves : RHP Nate Southard
Batting: RHB Alexis Loya 0-0: Foul Ball, location: 2F
0-1: Called Strike
0-2: Ball
1-2: Ground out 6-3 (Groundball, 6, EV 81.9 MPH)
Batting: LHB Dickie Pierce 0-0: Ball
1-0: Called Strike
1-1: Ground out 4-3 (Groundball, 4, EV 101.9 MPH)
Batting: RHB Jacob Cole 0-0: Called Strike
0-1: Ball
1-1: Ball
2-1: Ball
3-1: Base on Balls
Pitching: LHP Arturo Frank
Batting: RHB Norm Walker 0-0: Foul Ball, location: 25F
0-1: Swinging Strike
0-2: Strikes out swinging
Bottom of the 9th over - 0 runs, 0 hits, 0 errors, 1 left on base; Atlanta 7 - Seattle 3
Sunday, April 28th , 2024 - OOTP Baseball 24.11 Build 85